AoeStats
← lty20000612

Arabia

510726507Analyzed
3v3 RM · 11h ago on Oct 2, 2026· 65m 40s· 6 players
Game mode
Random Map
Map size
Normal (6 player)
Population
200
Speed
Normal
Resources
Standard
Victory
Conquest
Starting age
Dark Age
Ending age
Imperial Age
RankedLock teamsTeams togetherTeam positionsShared explorationLock speedFull tech treeHidden civsTurbo modeCheats
Victory
Defeat
🇨🇦 Franks · Canada
1151
+14
🇪🇸 Burgundians · Spain
1117
+15
🇷🇺 Celts · Russia
1077
+17
🇦🇺 Lithuanians · Australia
1131
-17
🇨🇳 Ethiopians · China
1123
-16
🇨🇳 Spanish · China
1034
-13
DropDongHitBong420
10:56 Loom
12:41 Feudal Age
16:21 Double-Bit Axe
21:03 Castle Age
19:27 Stone Mining
21:53 Fletching
22:50 Bodkin Arrow
24:03 Bow Saw
24:48 Murder Holes
25:05 Masonry
25:52 Masonry
34:43 Imperial Age
33:02 Ballistics
33:13 Forging
36:10 Hoardings
36:11 Architecture
38:01 Iron Casting
41:20 Scale Mail Armor
MalSofrit
7:00 Loom
9:58 Feudal Age
10:32 Double-Bit Axe
10:38 Horse Collar
12:25 Bow Saw
17:57 Scale Barding Armor
18:46 Forging
25:09 Castle Age
23:41 Gold Mining
23:53 Heavy Plow
26:03 Gold Shaft Mining
25:18 Cavalier
35:38 Imperial Age
35:05 Crop Rotation
36:41 Paladin
37:21 Husbandry
38:37 Conscription
41:34 Chain Barding Armor
42:28 Iron Casting
45:04 Wheelbarrow
44:33 Light Cavalry
45:24 Hussar
46:35 Hand Cart
49:50 Blast Furnace
49:26 Plate Barding Armor
54:49 Caravan
Hannibal Lecter
2:20 Loom
13:00 Feudal Age
18:25 Castle Age
17:01 Double-Bit Axe
17:05 Horse Collar
18:46 Pikeman
19:47 Bow Saw
21:12 Wheelbarrow
20:48 Gambesons
21:35 Heavy Plow
21:36 Man-at-Arms
22:40 Scale Mail Armor
22:58 Forging
22:46 Long Swordsman
24:31 Arson
26:40 Hand Cart
29:55 Iron Casting
29:37 Chain Mail Armor
38:42 Gold Mining
38:42 Stone Mining
39:08 Town Watch
40:35 Stronghold
43:22 Imperial Age
43:31 Capped Ram
44:57 Two-Handed Swordsman
46:31 Conscription
46:25 Furor Celtica
46:40 Champion
47:51 Siege Ram
51:23 Plate Mail Armor
52:11 Elite Woad Raider
56:43 Blast Furnace
65:14 Hoardings
lty20000612
1:39 Loom
11:32 Feudal Age
12:35 Man-at-Arms
25:30 Bloodlines
28:50 Castle Age
28:45 Double-Bit Axe
46:35 Bow Saw
46:36 Horse Collar
49:33 Imperial Age
48:35 Pikeman
49:15 Squires
58:26 Imperial Age
57:58 Stone Mining
ants
11:30 Feudal Age
18:41 Castle Age
20:31 Pikeman
24:34 Double-Bit Axe
26:13 Horse Collar
32:04 Imperial Age
31:11 Wheelbarrow
31:50 Forging
31:41 Scale Mail Armor
32:59 Husbandry
33:09 Bloodlines
33:01 Halberdier
33:46 Cavalier
35:02 Heavy Plow
36:20 Iron Casting
35:51 Scale Barding Armor
36:17 Conscription
37:08 Light Cavalry
38:05 Winged Hussar
40:14 Paladin
41:06 Caravan
45:16 Hand Cart
49:34 Crop Rotation
easymoney
11:13 Feudal Age
14:04 Double-Bit Axe
14:01 Horse Collar
20:40 Castle Age
19:54 Stone Mining
19:58 Gold Mining
20:45 Wheelbarrow
20:56 Crossbowman
22:47 Bow Saw
23:52 Heavy Plow
24:29 Stone Shaft Mining
24:29 Gold Shaft Mining
27:14 Gold Shaft Mining
28:39 Hand Cart
32:05 Imperial Age
32:24 Squires
32:35 Arbalester
35:03 Two-Man Saw
34:22 Thumb Ring
33:59 Elite Shotel Warrior
34:28 Loom
35:25 Conscription
37:03 Padded Archer Armor
37:13 Forging
37:03 Scale Mail Armor
37:08 Scale Barding Armor
36:55 Fletching
37:47 Royal Heirs
39:10 Leather Archer Armor
39:30 Iron Casting
40:12 Chain Mail Armor
40:35 Guilds
40:26 Caravan
41:54 Chemistry
41:14 Ballistics
42:52 Chain Barding Armor
43:02 Ring Archer Armor
42:28 Bodkin Arrow
42:46 Halberdier
43:12 Arson
47:36 Plate Mail Armor
48:06 Blast Furnace
47:07 Bracer
47:13 Onager
58:23 Bracer
Connection lost

Rejoining the realm…

Still unreachable

The connection could not be restored.

Session expired

The server has moved on; the page needs a fresh start.